 Dungeon Crawl Stone Soup version 0.25-a0-1024-gbfbf38f2cb (webtiles) character file.

Game seed: 4891589692321542158, levelgen mode: deterministic

2678 Flugslaktarn the Fighter (level 9, -2/97 HPs)
             Began as an Ogre Fighter on May 12, 2020.
             Was an Initiate of Gozag.
             Slain by an orc warrior
             ... wielding a +2 long sword of holy wrath
              (17 damage)
             ... on level 7 of the Dungeon.
             The game lasted 00:04:40 (8982 turns).

Flugslaktarn the Fighter (Ogre Fighter)             Turns: 8982, Time: 00:04:41

Health: -2/97      AC:  6    Str: 22    XL:     9   Next: 64%
Magic:  9/9        EV: 11    Int:  9    God:    Gozag
Gold:   669        SH: 11    Dex: 11    Spells: 8/8 levels left

rFire    . . .     SeeInvis .   f - +2 hand axe (vamp)
rCold    . . .     Gourm    .   c - +1 kite shield
rNeg     . . .     Faith    .   b - +0 robe
rPois    .         Spirit   .   (helmet restricted)
rElec    .         Reflect  .   n - +2 cloak {MR+}
rCorr    .         Harm     .   (gloves unavailable)
MR       +....                  (boots unavailable)
Stlth    +.........             (no amulet)
HPRegen  0.26/turn              (no ring)
MPRegen  0.11/turn              (no ring)

@: gold aura
A: large, unfitting armour, tough skin 1
a: Potion Petition, Call Merchant, Bribe Branch, Renounce Religion


You were on level 7 of the Dungeon.
You worshipped Gozag.
Gozag was pleased with you.
You were not hungry.

You visited 1 branch of the dungeon, and saw 7 of its levels.

You collected 848 gold pieces.
You spent 88 gold pieces at shops.
You paid 91 gold pieces to Gozag.

Inventory:

Hand Weapons
 a - a +1 war axe
 f - a +2 vampiric hand axe (weapon)
   (You took it off an orc on level 3 of the Dungeon)
Armour
 b - a +0 robe (worn)
 c - a +1 kite shield (worn)
 n - a +2 cloak of magic resistance (worn)
   (You found it on level 2 of the Dungeon)
Wands
 j - a wand of paralysis (6)
   (You found it on level 7 of the Dungeon)
 u - a wand of clouds (4)
   (You found it on level 3 of the Dungeon)
Scrolls
 h - a scroll of enchant weapon
 m - a scroll of fog {unknown}
 r - 8 scrolls of identify
 x - 3 scrolls of remove curse
Potions
 d - a potion of might
 g - 2 potions of stabbing {unknown}
 i - a potion of heal wounds {unknown}
 k - a potion of degeneration {unknown}
 l - a potion of invisibility {unknown}
 o - a potion of lignification {unknown}
 q - 2 potions of curing
 v - a potion of flight
 w - a potion of haste {unknown}
Comestibles
 e - 6 rations


   Skills:
 + Level 8.5 Fighting
 * Level 8.4 Axes
 + Level 5.8 Dodging
 + Level 5.9 Shields


You had 8 spell levels left.
You didn't know any spells.
Your spell library was empty.

Dungeon Overview and Level Annotations

Branches:
Dungeon (7/15)             Temple (0/1) D:5

Altars:
Gozag
Zin

Shops:
D:5 %   D:7 *

Annotations:
D:2 1 runed translucent door, Crazy Yiuf


Innate Abilities, Weirdness & Mutations

You are too large for most types of armour.
You have tough skin. (AC +1)


Message History

You barely miss the orc warrior.
The orc warrior is severely wounded.
The orc closely misses you.
You hit the orc warrior but do no damage.
The orc warrior is severely wounded.
The orc warrior hits you with a +2 long sword of holy wrath!!
* * * LOW HITPOINT WARNING * * *
The orc misses you.
You are too injured to fight recklessly!
You are too injured to fight recklessly!
You are too injured to fight recklessly!
You are too injured to fight recklessly!
You are too injured to fight recklessly!
You are too injured to fight recklessly!
You are too injured to fight recklessly!
You closely miss the orc warrior.
The orc warrior is severely wounded.
The orc warrior hits you with a +2 long sword of holy wrath!
You die...
Your body crumbles into a pile of gold.

#.#.# #.......#.#.## #.#
###.#.# ####....#....# #.#
....#.# ........###.######.#
.##.#.#######..............#
......#......>.#....########
..#.#.#.######.#..>.......###
..#...#........#.o...........
.........#######$####.####.##
..#.#.#.## #..o@$.##.#
..#...#.######.#.#.##.#
#.###.#........#.#.##..
#.###.#######..#.#.##.#
....#..........#.#.####
#.#.#.#######.##.#..
#.#...........##.#..
#.###.##########.###
#.............##.#


You could see an orc warrior and an orc.

Vanquished Creatures
  Joseph (D:7)
  A hippogriff (D:7)
  Sigmund (D:5)
  Eustachio (D:6)
  Edmund (D:5)
  2 orc warriors (D:6)
  2 ogres
  Blork the orc (D:6)
  4 bullfrogs
  A gnoll sergeant (D:6)
  2 scorpions (D:5)
  The ghost of ra1n577 the Skirmisher, a weakling DsFi (D:3)
  3 crimson imps
  A bullfrog zombie (D:6)
  A bullfrog skeleton (D:6)
  A centaur skeleton (D:4)
  2 hounds
  7 orc wizards
  An iguana (D:6)
  Terence (D:3)
  A killer bee zombie (D:5)
  3 worker ants
  A worker ant zombie (D:5)
  11 adders
  4 gnolls
  An ooze (D:1)
  5 worms
  3 dart slugs
  A leopard gecko (D:1)
  25 orcs
  6 giant cockroaches
  7 goblins
  9 hobgoblins
  20 jackals
  3 quokkas
  A ball python (D:7)
  6 bats
  5 frilled lizards
  4 kobolds
  A leopard gecko zombie (D:5)
  3 rats
155 creatures vanquished.

Vanquished Creatures (others)
  An orc wizard (D:6)
1 creature vanquished.

Grand Total: 156 creatures vanquished

Notes
Turn   | Place    | Note
-------+----------+-------------------------------------------
     0 | D:1      | Flugslaktarn the Ogre Fighter began the quest for the Orb.
     0 | D:1      | Reached XP level 1. HP: 24/24 MP: 1/1
    34 | D:1      | Reached XP level 2. HP: 14/32 MP: 2/2
  1111 | D:2      | Reached XP level 3. HP: 36/40 MP: 3/3
  1405 | D:1      | Reached XP level 4. HP: 9/49 MP: 4/4
  2026 | D:2      | Found a runed translucent door.
  2027 | D:2      | Noticed Crazy Yiuf
  2241 | D:2      | Found a faded altar of an unknown god.
  2707 | D:2      | Reached XP level 5. HP: 55/55 MP: 5/5
  3064 | D:3      | Noticed Terence
  3083 | D:3      | Killed Terence
  3083 | D:3      | Reached skill level 5 in Fighting
  3358 | D:3      | Found a runed translucent gate.
  3360 | D:3      | Found a runed translucent gate.
  3464 | D:3      | Found an opulent altar of Gozag.
  3466 | D:3      | Found a runed translucent gate.
  3466 | D:3      | Noticed ra1n577's ghost (weakling DsFi)
  3616 | D:4      | Reached XP level 6. HP: 58/66 MP: 6/6
  4018 | D:3      | Killed ra1n577's ghost
  4102 | D:3      | Became a worshipper of Gozag Ym Sagoz the Greedy
  4525 | D:4      | Found a glowing silver altar of Zin.
  4657 | D:5      | Entered Level 5 of the Dungeon
  4660 | D:5      | Found Husoe's Food Shop.
  4677 | D:5      | Noticed Edmund
  4719 | D:5      | Killed Edmund
  4719 | D:5      | Reached skill level 5 in Axes
  4719 | D:5      | Reached XP level 7. HP: 74/74 MP: 7/7
  5008 | D:5      | Noticed Sigmund
  5252 | D:5      | Killed Sigmund
  5556 | D:5      | Reached XP level 8. HP: 81/84 MP: 8/8
  5644 | D:5      | Found a staircase to the Ecumenical Temple.
  6970 | D:6      | Reached skill level 5 in Shields
  7338 | D:6      | Reached skill level 5 in Dodging
  7702 | D:6      | Found an opulent altar of Gozag.
  7756 | D:6      | Noticed Eustachio
  7756 | D:6      | Noticed Blork the orc
  7978 | D:6      | Reached XP level 9. HP: 71/94 MP: 9/9
  7984 | D:6      | Killed Blork the orc
  8213 | D:6      | Killed Eustachio
  8432 | D:7      | Found Weigug's Assorted Antiques.
  8439 | D:7      | Bought a potion of might for 88 gold pieces
  8456 | D:7      | Noticed Joseph
  8480 | D:7      | Killed Joseph
  8982 | D:7      | Slain by an orc warrior

Illustrated notes

Levels and vault maps discovered:
D:1:      dpeg_arrival_radiant, layout_basic, amethyst_killhole,
          minmay_misc_feat_cross
D:2:      layout_loops_corners, chequers_ecumenical_altar_island,
          uniq_crazy_yiuf_cottage
D:3:      layout_rooms, ebering_ghost_gozag, uniq_terence
D:4:      layout_rooms, zin_scriptorium, first_ration, minivault_27
D:5:      minmay_chambers_of_fours, layout_cave_pods,
          minmay_temple_entry_glassed_door, serial_shops, shop_fountains,
          minmay_manual_mess, uniq_sigmund, uniq_edmund
D:6:      layout_gridville, kennysheep_little_box, nrook_pool_corridor,
          sword_in_stone
D:7:      layout_basic, serial_shops, nicolae_shop_statue_plus, shop,
          shop_statue, uniq_joseph

Skill      XL: |  1  2  3  4  5  6  7  8  9 |
---------------+----------------------------+-----
Shields        | 3 4 5 |  5.9
Dodging        | 3 4 5 |  5.8
Axes           | 3 4 5 7 8 |  8.4
Fighting       | 5 6 7 8 |  8.5

Action                   |  1- 3 |  4- 6 |  7- 9 || total
-------------------------+-------+-------+-------++-------
Melee: War axe           |   101 |   204 |       ||   305
       Hand axe          |       |    40 |   409 ||   449
       Unarmed           |       |     6 |       ||     6
Evoke: Wand              |       |       |     2 ||     2
  Use: Scroll            |       |    10 |       ||    10
       Potion            |       |     1 |     3 ||     4
 Stab: Sleeping          |     1 |       |     1 ||     2
       Confused          |       |       |     1 ||     1
       Distracted        |       |       |     2 ||     2
  Eat: Chunk             |     2 |     4 |       ||     6
       Ration            |       |     2 |     4 ||     6
Armor: Robe              |    46 |    83 |    70 ||   199
       Skin              |       |     3 |       ||     3
Dodge: Dodged            |    48 |    83 |   138 ||   269
Block: Kite shield       |    54 |   112 |   208 ||   374

Table legend:
 A = Non-vault XP
 B = Vault XP
 C = Vault XP percentage of total XP
 D = Non-vault monster count
 E = Vault monster count
 F = Vault count percentage of total count
                 A         B        C        D         E       F
            +---------+---------+-------+---------+---------+-------
      Total |    2164 |    1663 |  43.5 |     137 |      19 |  12.2
            +---------+---------+-------+---------+---------+-------
        D:1 |      45 |       0 |   0.0 |      15 |       0 |   0.0
        D:2 |     124 |       0 |   0.0 |      30 |       0 |   0.0
        D:3 |      81 |     115 |  58.7 |      22 |       5 |  18.5
        D:4 |     228 |       0 |   0.0 |      18 |       0 |   0.0
        D:5 |     256 |     554 |  68.4 |      13 |       9 |  40.9
        D:6 |     949 |     513 |  35.1 |      26 |       4 |  13.3
        D:7 |     481 |     481 |  50.0 |      13 |       1 |   7.1
            +---------+---------+-------+---------+---------+-------
